 Dungeon Crawl Stone Soup version 0.22.1-1-ga44c0e5 (webtiles) character file.

61348 Folque the Geomancer (level 14, -21/118 HPs)
             Began as a Grey Draconian Earth Elementalist on Nov 10, 2018.
             Was a High Priest of Sif Muna.
             Demolished by a titanic slime creature (76 damage)
             ... on level 3 of the Swamp.
             The game lasted 02:15:00 (31765 turns).

Folque the Geomancer (DrEE)                        Turns: 31765, Time: 02:15:00

Health: -21/118    AC: 20    Str: 12    XL:     14   Next: 60%
Magic:  10/28      EV: 14    Int: 25    God:    Sif Muna [*****.]
Gold:   1342       SH:  0    Dex: 15    Spells: 6/34 levels left

rFire    . . .     SeeInvis .   P - staff of summoning
rCold    . . .     Gourm    .   (no shield)
rNeg     . . .     Faith    .   (armour unavailable)
rPois    .         Spirit   .   (helmet restricted)
rElec    .         Reflect  .   U - +2 cloak
rCorr    .         Harm     .   A - +0 pair of gloves
MR       +....                  S - +2 pair of boots
Stlth    ++........             I - amulet of the acrobat
HPRegen  0.29/turn              a - +6 ring of intelligence
MPRegen  0.21/turn              Q - +3 ring of dexterity

@: divine energy
A: walk through water, unfitting armour, mutation resistance 1, unbreathing,
cold-blooded, MP-powered wands, AC +13
a: Stop Divine Energy, Channel Magic, Forget Spell, Renounce Religion


You were on level 3 of the Swamp.
You worshipped Sif Muna.
Sif Muna was extremely pleased with you.
You were not hungry.

You visited 4 branches of the dungeon, and saw 22 of its levels.

You collected 1342 gold pieces.

Inventory:

Hand Weapons
 e - a +0 blowgun
 V - a +5 long sword of electrocution
Missiles
 n - 395 stones (quivered)
 W - 3 throwing nets
Armour
 h - a +0 buckler
 A - a +0 pair of gloves (worn)
 S - a +2 pair of boots (worn)
 U - a +2 cloak (worn)
Magical Staves
 q - an uncursed staff of wizardry
 K - an uncursed staff of conjuration
 P - an uncursed staff of summoning (weapon)
Jewellery
 a - a +6 ring of intelligence (left hand)
 b - an uncursed ring of protection from magic
 I - an amulet of the acrobat (around neck)
 Q - a +3 ring of dexterity (right hand)
Wands
 j - a wand of enslavement (6)
 k - a wand of flame (38)
 o - a wand of disintegration (10)
 s - a wand of digging (16)
 t - a wand of acid (8)
 B - a wand of polymorph (24)
 H - a wand of iceblast (9)
 N - a wand of paralysis (6)
Scrolls
 d - 6 scrolls of teleportation
 u - 10 scrolls of remove curse
 v - 3 scrolls of fear
 y - 7 scrolls of magic mapping
 E - a scroll of holy word
 G - a scroll of brand weapon
 J - 3 scrolls of enchant weapon
 M - 3 scrolls of amnesia
 R - 10 scrolls of identify
Potions
 f - a potion of mutation
 g - 5 potions of curing
 l - 3 potions of magic
 m - a potion of experience {unknown}
 p - 2 potions of flight
 r - 2 potions of resistance
 z - a potion of heal wounds
 C - 5 potions of haste
 D - 4 potions of berserk rage
 F - 2 potions of agility
 L - 2 potions of ambrosia {unknown}
 O - a potion of degeneration {unknown}
 T - 5 potions of lignification
 Y - a potion of cancellation {unknown}
 Z - 2 potions of brilliance {unknown}
Miscellaneous
 w - a phial of floods
Comestibles
 c - 28 rations


   Skills:
 - Level 9.0 Fighting
 - Level 4.0 Dodging
 - Level 1.7 Stealth
 + Level 10.8 Spellcasting
 - Level 13.2 Conjurations
 * Level 8.1 Summonings
 - Level 4.1 Transmutations
 - Level 14.0 Earth Magic
 - Level 7.6 Invocations
 - Level 4.6 Evocations


You had 6 spell levels left.
You knew the following spells:

 Your Spells              Type           Power        Failure   Level  Hunger
a - Sandblast             Erth           ######       0%          1    None
b - Passwall              Tmut/Erth      ######..     1%          2    None
c - Stone Arrow           Conj/Erth      ######       1%          3    None
d - Lee's Rapid Deconstr  Erth           ######....   1%          5    ####...
e - Petrify               Tmut/Erth      ######..     1%          4    None
f - Summon Forest         Summ/Tloc      ######....   24%         5    ####...
g - Conjure Flame         Conj/Fire      #####...     1%          3    None
h - Iskenderun's Mystic   Conj           ######..     1%          4    None
i - Summon Butterflies    Summ           ######..     1%          1    None

Your spell library contained the following spells:

 Spells                   Type           Power        Failure   Level  Hunger
 Summon Small Mammal      Summ           ####         1%          1    None
 Searing Ray              Conj           ######       1%          2    None
 Recall                   Summ/Tloc      N/A          2%          3    None
 Leda's Liquefaction      Hex/Erth       #####.....   2%          4    None
 Force Lance              Conj/Tloc      #####...     3%          4    None
 Apportation              Tloc           ##....       4%          1    None
 Confusing Touch          Hex            ##....       4%          1    None
 Infusion                 Chrm           ##..         4%          1    None
 Pain                     Necr           ##..         4%          1    None
 Corpse Rot               Necr           N/A          7%          2    None
 Shroud of Golubria       Chrm/Tloc      ##........   7%          2    None
 Borgnjor's Vile Clutch   Necr/Erth      #####.....   7%          5    ####...
 Ignite Poison            Fire/Tmut/Pois ###.....     8%          3    None
 Summon Lightning Spire   Summ/Air       ######..     9%          4    None
 Fireball                 Conj/Fire      #####.....   9%          5    ####...
 Iskenderun's Battlesphe  Conj/Chrm      #####...     9%          5    ####...
 Venom Bolt               Conj/Pois      #####.....   9%          5    ####...
 Confuse                  Hex            ##......     14%         3    None
 Gell's Gravitas          Tloc           ##........   14%         3    None
 Vampiric Draining        Necr           ##........   14%         3    None
 Shadow Creatures         Summ           N/A          24%         6    #####..
 Bolt of Fire             Conj/Fire      #####.....   41%         6    #####..
 Yara's Violent Unravell  Hex/Tmut       ###.......   47%         5    ####...
 Metabolic Englaciation   Hex/Ice        ##........   77%         5    ####...
 Hydra Form               Tmut           ####......   78%         6    #####..
 Darkness                 Hex            ##........   100%        6    #####..
 Spellforged Servitor     Conj/Summ      #######...   43%         7    #######
 Summon Greater Demon     Summ           ######....   80%         7    #######
 Summon Hydra             Summ           ######....   80%         7    #######
 Malign Gateway           Summ/Tloc      ######....   100%        7    #######
 Ring of Flames           Chrm/Fire      ##........   100%        7    #######
 Death's Door             Chrm/Necr      ##........   100%        8    #######
 Ignition                 Fire           ##........   100%        8    #######
 Infestation              Necr           ##........   100%        8    #######


Dungeon Overview and Level Annotations

Branches:
Dungeon (12/15)            Temple (1/1) D:7            Lair (6/6) D:10
  Swamp (3/4) Lair:2       Spider (0/4) Lair:3        Slime (0/5) Lair:5
    Orc (0/2) D:11

Altars:
Ashenzari
Cheibriados
Dithmenos
Elyvilon
Fedhas
Gozag
Hepliaklqana
Kikubaaqudgha
Makhleb
Nemelex Xobeh
Okawaru
Qazlal
Ru
Sif Muna
Trog
Uskayaw
Vehumet
Wu Jian
Xom
Yredelemnul
Zin
The Shining One
Jiyva

Shops:
D:8 }   D:9 :

Portals:
Trove: D:10 (give 19 scrolls of identify)

Annotations:
D:4 2 transporters
D:12 Frances
Swamp:1 2 transporters
Swamp:2 3 runed doors, 1player's ghost, adept GnFi


Innate Abilities, Weirdness & Mutations

You can walk through water.
Your dull iron-grey scales are very hard. (AC +13)
You cannot fit into any form of body armour.
You can survive without breathing.
You are cold-blooded and may be slowed by cold attacks.
You are somewhat resistant to further mutation.
You expend magic power (3 MP) to strengthen your wands.


Message History

Aim: a very large slime creature (moderately wounded)
You feel a surge of power!
The orb of energy hits the very large slime creature.
The very large slime creature is moderately wounded.
The very large slime creature hits you!!!
Space becomes stable.
Found 17 gold pieces.
Wield which item (- for none, * to show all)? (? for menu, Esc to quit)
P - an uncursed staff of summoning (weapon)
Two slime creatures merge to form a titanic slime creature.
Casting: Iskenderun's Mystic Blast (safe; 1% risk of failure)
Confirm with . or Enter, or press ? or * to list all spells.
You feel a surge of power!
A forested plane collides here with a resounding crunch!
Your dryad calls out to the forest.
The forest starts to sway and rumble!
A slime creature comes into view.
The titanic slime creature hits you!!!!
Ouch! That really hurt!
You die...

.≈≈≈≈...≈≈≈.♣?≈≈≈.♣
≈≈≈≈..≈....≈≈>...♣♣
≈≈≈≈......≈♣♣♣≈≈≈.≈
≈≈≈!≈..≈.♣♣♣ ≈≈>≈≈≈
≈≈.≈≈...≈♣♣♣.....≈≈≈
..≈..$.♣.≈.≈.♣♣§≈...
.≈♣.≈≈..♣≈≈..♣♣ ♣
....♣♣♣J♣♣...≈≈ ≈≈.
♣@...♣≈≈≈ ♣♣
♣....≈≈≈≈ .R...≈.≈≈
..♣♣♣.≈§≈≈ ... ≈.≈♣♣
..≈. .≈.♣ ..≈$. ≈.♣♣
..≈..J .♣


You could see a titanic slime creature, a slime creature and a friendly dryad.

Vanquished Creatures
  Kirke (Lair:4)
  2 fire dragons
  Harold (Lair:1)
  8 hydras
  5 alligators
  Sonja (Lair:4)
  5 swamp dragons
  An ugly thing (D:8)
  A deep elf mage (D:10)
  A manticore (D:11)
  6 black mambas
  A gargoyle (D:11)
  8 spiny frogs
  A torpor snail (Lair:6)
  8 rime drakes
  3 komodo dragons
  4 tyrant leeches
  5 slime creatures (Swamp:2)
  8 polar bears (Lair:6)
  A hornet (Swamp:1)
  3 raiju (Lair:6)
  15 blink frogs
  2 bog bodies (Lair:2)
  6 dream sheep
  8 hippogriffs
  Sigmund (D:3)
  5 hogs (Lair:4)
  33 yaks
  3 wyverns
  A tarantella (Lair:3)
  A human (Lair:4)
  9 basilisks
  Eustachio (D:5)
  3 vampire mosquitoes (Swamp:2)
  11 steam dragons
  2 hungry ghosts
  3 insubstantial wisps (Swamp:2)
  Menkaure (D:6)
  2 acid dragons
  2 wargs
  8 swamp worms
  11 hell hounds
  3 porcupines
  11 water moccasins
  2 swamp drakes
  5 sky beasts
  4 orc warriors
  4 ice beasts
  3 phantoms
  5 ogres
  A necrophage (D:9)
  9 black bears
  23 wolves
  8 centaurs
  17 crocodiles
  5 big kobolds
  12 bullfrogs
  3 scorpions
  9 killer bees
  A howler monkey (D:9)
  4 electric eels
  6 crimson imps
  A quasit (D:9)
  4 bullfrog zombies
  A centaur zombie (D:11)
  6 hounds
  4 jellies
  A water moccasin simulacrum (D:9)
  2 bullfrog skeletons
  6 orc priests
  14 orc wizards
  2 centaur skeletons
  5 iguanas
  Ijyb (D:3)
  Natasha (thrice) (D:2)
  7 worker ants
  A hound skeleton (D:5)
  A worker ant zombie (D:6)
  4 gnolls (D:3)
  A howler monkey skeleton (D:7)
  15 adders
  A hound simulacrum (D:9)
  5 shadow imps
  3 white imps (D:9)
  An ufetubus (D:9)
  5 worms
  A leopard gecko (D:2)
  58 orcs
  6 giant cockroaches
  10 goblins
  6 hobgoblins
  20 jackals
  14 kobolds
  9 quokkas
  A ball python (D:3)
  7 bats
  4 frilled lizards
  A jackal skeleton (D:4)
  A quokka skeleton (D:7)
  5 rats
  A fungus (Lair:4)
  3 plants (Lair:6)
578 creatures vanquished.

Vanquished Creatures (collateral kills)
  2 hydras
  2 alligators
  A swamp dragon (Swamp:2)
  A shambling mangrove (Swamp:2)
  A spiny frog (Swamp:2)
  2 polar bears (Lair:6)
  7 slime creatures (Swamp:2)
  5 vampire mosquitoes (Swamp:2)
  2 wargs (Lair:6)
  3 hell hounds (Lair:6)
  8 swamp worms
  2 swamp drakes
  3 black bears (Lair:6)
  A wolf (Lair:6)
  3 fungi (Lair:6)
  2 plants (Lair:6)
45 creatures vanquished.

Vanquished Creatures (others)
  A rime drake (Lair:5)
  A bush (Lair:5)
  5 fungi
  23 plants
  7 snaplasher vines
37 creatures vanquished.

Grand Total: 660 creatures vanquished

Notes
Turn   | Place    | Note
-------+----------+-------------------------------------------
     0 | D:1      | Folque the Draconian Earth Elementalist began the quest for
                  | the Orb.
     0 | D:1      | Reached XP level 1. HP: 14/14 MP: 3/3
   304 | D:1      | Reached XP level 2. HP: 11/20 MP: 0/5
   741 | D:1      | Learned a level 2 spell: Passwall
  1581 | D:2      | Reached XP level 3. HP: 26/26 MP: 4/6
  1586 | D:2      | Learned a level 3 spell: Stone Arrow
  1603 | D:2      | Found a deep blue altar of Sif Muna.
  1608 | D:2      | Became a worshipper of Sif Muna the Loreminder
  1645 | D:2      | Reached skill level 4 in Earth Magic
  1908 | D:2      | Noticed Natasha
  1923 | D:2      | Killed Natasha
  1923 | D:2      | Reached skill level 1 in Conjurations
  1923 | D:2      | Reached XP level 4. HP: 14/33 MP: 0/8
  2092 | D:2      | Found a burning altar of Makhleb.
  2392 | D:2      | Noticed Natasha
  2404 | D:2      | Killed Natasha
  2813 | D:2      | Noticed Natasha
  2816 | D:2      | Killed Natasha
  2816 | D:2      | Reached XP level 5. HP: 32/38 MP: 4/9
  3207 | D:3      | Noticed Sigmund
  3223 | D:2      | Reached * piety under Sif Muna
  3231 | D:2      | Learned a level 5 spell: Lee's Rapid Deconstruction
  3541 | D:3      | Noticed Ijyb
  3572 | D:3      | Killed Ijyb
  3731 | D:3      | Found a shimmering altar of Xom.
  3980 | D:3      | Reached XP level 6. HP: 26/45 MP: 8/11
  4226 | D:3      | Killed Sigmund
  4226 | D:3      | Reached skill level 5 in Earth Magic
  4824 | D:4      | Found a basalt altar of Yredelemnul.
  4825 | D:4      | Found an iron altar of Okawaru.
  4827 | D:4      | Found a transporter.
  4837 | D:4      | Your scales start taking on a dull iron-grey colour.
  4837 | D:4      | Reached skill level 7 in Earth Magic
  4837 | D:4      | Reached XP level 7. HP: 48/50 MP: 3/13
  4837 | D:4      | Gained mutation: You can survive without breathing. [Grey
                  | Draconian growth]
  4842 | D:4      | Found a transporter.
  5055 | D:4      | Reached ** piety under Sif Muna
  5256 | D:5      | Entered Level 5 of the Dungeon
  5316 | D:5      | Noticed Eustachio
  5522 | D:5      | Killed Eustachio
  5522 | D:5      | Reached skill level 8 in Earth Magic
  5558 | D:5      | Reached skill level 1 in Invocations
  5681 | D:5      | Reached skill level 1 in Fighting
  5754 | D:5      | Reached XP level 8. HP: 59/59 MP: 1/14
  6040 | D:5      | Reached skill level 9 in Earth Magic
  6049 | D:5      | Learned a level 4 spell: Petrify
  6892 | D:6      | Noticed Menkaure
  7228 | D:6      | Found a stormy altar of Qazlal.
  7335 | D:6      | Reached skill level 5 in Invocations
  7579 | D:6      | Reached XP level 9. HP: 69/69 MP: 6/15
  7748 | D:6      | Reached *** piety under Sif Muna
  7895 | D:6      | Reached skill level 10 in Earth Magic
  8089 | D:6      | Killed Menkaure
  8188 | D:6      | Found a glowing golden altar of the Shining One.
  8533 | D:7      | Found a staircase to the Ecumenical Temple.
  8540 | Temple   | Entered the Ecumenical Temple
  9097 | D:7      | Reached skill level 11 in Earth Magic
  9376 | D:8      | Found a sparkling altar of Nemelex Xobeh.
  9776 | D:8      | Reached skill level 5 in Fighting
  9784 | D:8      | Got a slimy falchion
  9785 | D:8      | Identified the cursed +0 falchion of Simiqeh {antimagic,
                  | Int+2} (You found it on level 8 of the Dungeon)
  9972 | D:8      | Found a glowing golden altar of the Shining One.
  9998 | D:8      | Reached XP level 10. HP: 81/81 MP: 3/16
 10025 | D:8      | Reached skill level 12 in Earth Magic
 10227 | D:8      | Noticed a red ugly thing
 10255 | D:8      | Killed a red ugly thing
 10255 | D:8      | Reached **** piety under Sif Muna
 10789 | D:8      | Found Fiol's Gadget Shop.
 10845 | D:8      | Noticed a three-headed hydra
 11069 | D:8      | Killed a three-headed hydra
 11069 | D:8      | Reached skill level 13 in Earth Magic
 11341 | D:9      | Found Citywne's Book Boutique.
 11856 | D:9      | Found a burning altar of Makhleb.
 11911 | D:9      | Reached skill level 14 in Earth Magic
 12053 | D:9      | Gained mutation: You are somewhat resistant to further
                  | mutation. [potion of mutation]
 12053 | D:9      | Gained mutation: You expend magic power (3 MP) to
                  | strengthen your wands. [potion of mutation]
 12118 | D:9      | Reached skill level 1 in Evocations
 12118 | D:9      | Reached XP level 11. HP: 93/94 MP: 2/17
 12747 | D:10     | Entered Level 10 of the Dungeon
 12747 | D:10     | Found a portal to a secret trove of treasure.
 12969 | D:10     | Found a burning altar of Makhleb.
 12969 | D:10     | Noticed a deep elf mage
 12974 | D:10     | Killed a deep elf mage
 13178 | D:10     | Found a staircase to the Lair.
 14335 | D:11     | Reached ***** piety under Sif Muna
 14348 | D:11     | Found a staircase to the Orcish Mines.
 14485 | D:11     | Identified Azocwoi's Guide on Conjuration (Sif Muna gifted
                  | it to you on level 11 of the Dungeon)
 14485 | D:11     | Received a gift from Sif Muna
 14529 | D:11     | Noticed an eight-headed hydra
 14547 | D:11     | Killed an eight-headed hydra
 14547 | D:11     | Reached skill level 5 in Spellcasting
 14965 | D:11     | Found a blossoming altar of Fedhas.
 15405 | D:12     | Noticed Frances
 15547 | Lair:1   | Entered Level 1 of the Lair of Beasts
 15602 | Lair:1   | Identified a scroll of acquirement
 15760 | Lair:1   | Noticed Harold
 15781 | Lair:1   | Killed Harold
 15790 | Lair:1   | Learned a level 7 spell: Spellforged Servitor
 15916 | Lair:1   | Reached skill level 1 in Summonings
 16516 | Lair:1   | Reached skill level 5 in Conjurations
 16909 | Lair:2   | Reached XP level 12. HP: 104/104 MP: 17/21
 17043 | Lair:2   | Noticed a seven-headed hydra
 17055 | Lair:2   | Killed a seven-headed hydra
 17198 | Lair:2   | Received a gift from Sif Muna
 17949 | Lair:2   | Reached skill level 5 in Summonings
 18589 | Lair:2   | Found a staircase to the Swamp.
 19023 | Lair:3   | Found a hole to the Spider Nest.
 20415 | Lair:4   | Noticed Kirke
 20427 | Lair:4   | Noticed a sphinx
 20427 | Lair:4   | Killed Kirke
 20427 | Lair:4   | Identified Sif Muna's Papyrus of Venomous Good Luck (Sif
                  | Muna gifted it to you on level 4 of the Lair of Beasts)
 20427 | Lair:4   | Received a gift from Sif Muna
 20923 | Lair:4   | Noticed Sonja
 20927 | Lair:4   | Killed Sonja
 20927 | Lair:4   | Reached XP level 13. HP: 111/111 MP: 11/24
 21665 | Lair:5   | Noticed a fire dragon
 21894 | Lair:5   | Found a viscous altar of Jiyva.
 21894 | Lair:5   | Found a staircase to the Slime Pits.
 22073 | Lair:5   | Killed a fire dragon
 22204 | Lair:5   | Learned a level 3 spell: Conjure Flame
 23210 | Lair:6   | Entered Level 6 of the Lair of Beasts
 23776 | Lair:6   | Found a labyrinth entrance.
 24101 | Lair:6   | Reached skill level 10 in Conjurations
 24238 | Lair:6   | Learned a level 4 spell: Iskenderun's Mystic Blast
 24637 | Lair:6   | Noticed a fire dragon
 24678 | Lair:6   | Killed a fire dragon
 25216 | Lair:6   | Identified the Incunabulum of the Voyage and Summoning (You
                  | acquired it on level 6 of the Lair of Beasts)
 25220 | Lair:6   | Learned a level 1 spell: Summon Butterflies
 25246 | Lair:6   | Identified Enixke Huen's Disquisition on Enchantment and
                  | Creation (Sif Muna gifted it to you on level 6 of the Lair
                  | of Beasts)
 25246 | Lair:6   | Received a gift from Sif Muna
 26132 | Lair:4   | Learned a level 5 spell: Summon Forest
 26278 | Lair:6   | Reached XP level 14. HP: 81/118 MP: 3/27
 26756 | Lair:6   | Reached skill level 10 in Spellcasting
 27615 | Swamp:1  | Entered Level 1 of the Swamp
 27759 | Swamp:1  | Found a transporter.
 29141 | Swamp:1  | Found a transporter.
 29329 | Swamp:2  | Identified Sif Muna's Handbook of Displacement and Evil
                  | Secrets (Sif Muna gifted it to you on level 2 of the Swamp)
 29329 | Swamp:2  | Received a gift from Sif Muna
 30335 | Swamp:2  | Found a runed gate.
 30339 | Swamp:2  | Found a runed gate.
 30340 | Swamp:2  | Found a runed gate.
 30354 | Swamp:2  | Noticed 1player's ghost (adept GnFi)
 31765 | Swamp:3  | Demolished by a titanic slime creature

Skill      XL: |  1  2  3  4  5  6  7  8  9 10 11 12 13 14 |
---------------+-------------------------------------------+-----
Earth Magic    | 4 7 8 9 11 14 | 14.0
Conjurations   | 1 2 3 5 7 11 13 | 13.2
Spellcasting   | 3 4 6 7 9 10 | 10.8
Dodging        | 2 3 4 |  4.0
Invocations    | 2 5 6 7 |  7.6
Fighting       | 1 3 5 7 9 |  9.0
Transmutations | 3 4 |  4.1
Evocations     | 1 4 |  4.6
Summonings     | 2 7 8 |  8.1
Stealth        | |  1.7

Action                   |  1- 3 |  4- 6 |  7- 9 | 10-12 | 13-15 || total
-------------------------+-------+-------+-------+-------+-------++-------
Melee: Unarmed           |    95 |       |       |       |       ||    95
       Tailslap          |     9 |    25 |    14 |    39 |     9 ||    96
       Dagger            |    39 |   143 |       |       |       ||   182
       Short sword       |       |   150 |   143 |   215 |       ||   508
       Flail             |       |     4 |       |       |       ||     4
       Long sword        |       |       |       |    57 |    68 ||   125
       Staff             |       |       |       |       |    17 ||    17
 Cast: Sandblast         |    21 |    21 |    28 |   113 |    71 ||   254
       Stone Arrow       |     3 |    26 |    72 |   137 |   140 ||   378
       Lee's Rapid Decon |       |     1 |    27 |    83 |    67 ||   178
       Passwall          |       |       |     4 |     3 |     2 ||     9
       Petrify           |       |       |     6 |    24 |    35 ||    65
       Iskenderun's Myst |       |       |       |       |    51 ||    51
       Summon Forest     |       |       |       |       |    36 ||    36
       Summon Butterflie |       |       |       |       |     5 ||     5
       Conjure Flame     |       |       |       |       |     1 ||     1
Invok: Channel Magic     |       |       |     1 |     3 |     8 ||    12
       Divine Energy     |       |       |     1 |       |       ||     1
Evoke: Wand              |       |       |       |     3 |     4 ||     7
       Phial of floods   |       |       |       |       |     1 ||     1
  Use: Scroll            |       |     9 |     7 |    11 |     7 ||    34
       Potion            |       |     2 |       |     3 |    11 ||    16
 Stab: Sleeping          |     3 |       |     4 |     1 |     1 ||     9
       Petrified         |       |       |    15 |    39 |    10 ||    64
       Petrifying        |       |       |       |     1 |       ||     1
       Distracted        |       |       |       |       |     1 ||     1
  Eat: Chunk             |     4 |    12 |    24 |    45 |    43 ||   128
       Ration            |       |       |     1 |     6 |     4 ||    11
Armor: Skin              |    31 |   100 |    67 |   119 |   222 ||   539
Dodge: Dodged            |    91 |   181 |   140 |   200 |   393 ||  1005
       Rpst.: Long sword |       |       |       |    18 |    17 ||    35
